 Dungeon Crawl Stone Soup version 0.20.1-1-g8b1a95d (webtiles) character file.

5859 Monsterracer the Destroyer (level 10, -11/78 HPs)
             Began as a Demigod Wizard on July 19, 2017.
             Mangled by a two-headed ogre
             ... wielding a +0 giant club
              (24 damage)
             ... on level 10 of the Dungeon.
             The game lasted 00:58:28 (14137 turns).

Monsterracer the Destroyer (Demigod Wizard)        Turns: 14137, Time: 00:58:29

Health: -11/78     AC:  8    Str: 10    XL:     10   Next: 27%
Magic:  10/23      EV: 14    Int: 28    God:
Gold:   526        SH:  0    Dex: 14    Spells: 12/21 levels left

rFire    . . .     SeeInvis .   v - +2 whip (elec)
rCold    . . .     Gourm    .   (no shield)
rNeg     . . .     Faith    .   y - +1 robe {MR+}
rPois    .         Spirit   .   w - +2 hat
rElec    .         Reflect  .   (no cloak)
rCorr    .         Harm     .   h - +1 pair of gloves
MR       +++..                  x - +0 pair of boots
Stlth    +++.......             (no amulet)
Regen    0.3/turn               l - ring of stealth
MPRegen  0.2/turn               B - ring of protection from magic

@: no status effects
A: hooves 1, high mp 1
a: no special abilities


You were on level 10 of the Dungeon.
You were hungry.

You visited 1 branch of the dungeon, and saw 10 of its levels.

You collected 526 gold pieces.

Inventory:

Hand Weapons
 v - a +2 whip of electrocution (weapon)
Armour
 h - a +1 pair of gloves (worn)
 w - a +2 hat (worn)
 x - a +0 pair of boots (worn)
 y - a +1 robe of magic resistance (worn)
Jewellery
 l - a ring of stealth (left hand)
 B - a ring of protection from magic (right hand)
Scrolls
 b - 2 scrolls of remove curse
 e - a scroll of fog
 i - a scroll of recharging
 j - a scroll of fear
 m - 2 scrolls of magic mapping
 o - 4 scrolls of teleportation
 p - a scroll of enchant weapon
 r - 2 scrolls of identify
 A - 2 scrolls of blinking
Potions
 a - a potion of flight
 c - 2 potions of heal wounds
 f - 6 potions of curing
 k - a potion of lignification
 s - a potion of mutation
 t - a potion of magic
 u - a potion of resistance
 z - a potion of agility
Comestibles
 d - 5 bread rations
 g - 4 meat rations
 n - 4 royal jellies
 q - 3 fruits


   Skills:
 + Level 3.9 Fighting
 * Level 5.0 Maces & Flails
 + Level 4.4 Dodging
 - Level 1.7 Stealth
 + Level 6.3 Spellcasting
 - Level 9.0 Conjurations
   Level 0.8 Summonings
 - Level 0.8 Translocations
 * Level 2.1 Fire Magic
 - Level 4.7 Air Magic


You had 12 spell levels left.
You knew the following spells:

 Your Spells              Type           Power        Failure   Level  Hunger
a - Magic Dart            Conj           ####         1%          1    None
b - Conjure Flame         Conj/Fire      #####...     1%          3    None
c - Mephitic Cloud        Conj/Pois/Air  ####....     2%          3    None
d - Blink                 Tloc           N/A          6%          2    None


Dungeon Overview and Level Annotations

Branches:
Dungeon (10/15)            Temple (0/1) D:4
   Lair: D:8-11         Orc: D:9-12

Annotations:
D:8 Frank's ghost, novice GrFi
D:10 1 runed door


Innate Abilities, Weirdness & Mutations

You have an increased reservoir of magic. (+10% MP)
You have large cloven feet.


Message History

* * * LOW HITPOINT WARNING * * *
Huge Dmg: -50%(-39hp) hp: 50%(39hp)
You hit the two-headed ogre but do no damage.
The two-headed ogre is almost dead.
The two-headed ogre hits you with a giant club!!
* * * LOW HITPOINT WARNING * * *
The two-headed ogre closely misses you.
Huge Dmg: -24%(-19hp) hp: 26%(20hp)
You hit the two-headed ogre but do no damage.
The two-headed ogre is almost dead.
You hit the two-headed ogre.
The two-headed ogre is almost dead.
The two-headed ogre hits you with a giant club!
* * * LOW HITPOINT WARNING * * *
The two-headed ogre closely misses you.
Huge Dmg: -9%(-7hp) hp: 17%(13hp)
You hit the two-headed ogre but do no damage.
The two-headed ogre is almost dead.
The two-headed ogre hits you with a giant club!!
You die...

...##..#
#.......##..#..##.#.....
...##..#
#.......#.#.#.#. .......
...##..#
#......##.#.#.#.##......
...##..#
#......#..#r#.#..
...##..###<....## #[# .#
. ...##........#### ####
.. ...##......###..##
#..###.
...##....###..#..#
###..##
.......###..###.@#
#c###.. .....###..###
#O..# #..R###
...##'[.### ...###
#.....+ .....###..#
#[#.# .....###
.......###..###.#
.#.(###..
.........###..#.# .
#.##..##
...........###..#
##..###.
........#...^### ####...
...............##
##...#.


You could see a two-headed ogre.

Vanquished Creatures
  A two-headed ogre (D:8)
  The ghost of Overlord the Grappler, a novice TrMo of Nemelex Xobeh (D:5)
  2 hippogriffs
  Eustachio (D:3)
  A hungry ghost (D:7)
  A water moccasin (D:9)
  Duvessa (D:4)
  2 black bears (D:6)
  3 orc warriors
  A phantom (D:7)
  2 ice beasts
  2 sky beasts
  4 ogres
  4 centaurs
  A big kobold (D:9)
  2 bullfrogs (D:6)
  Blork the orc (D:4)
  Dowan (D:4)
  4 scorpions
  A water moccasin skeleton (D:6)
  5 killer bees (D:8)
  9 wights
  4 crimson imps
  2 jellies (D:8)
  3 hounds
  2 bullfrog zombies
  4 orc priests
  A bullfrog skeleton (D:9)
  3 centaur skeletons
  A gnoll shaman (D:6)
  14 orc wizards
  4 worker ants
  A hound skeleton (D:9)
  A howler monkey skeleton (D:4)
  4 gnolls
  12 adders
  2 shadow imps
  3 oozes
  3 adder skeletons
  4 worms
  3 dart slugs
  6 leopard geckos
  39 orcs
  3 bats
  5 giant cockroaches
  13 goblins
  7 hobgoblins
  12 jackals
  10 quokkas
  5 ball pythons
  7 frilled lizards
  13 kobolds
  2 quokka skeletons (D:6)
  8 rats
251 creatures vanquished.

Vanquished Creatures (collateral kills)
  A shadow imp (D:5)
1 creature vanquished.

Grand Total: 252 creatures vanquished

Notes
Turn   | Place    | Note
-------+----------+-------------------------------------------
     0 | D:1      | Monsterracer the Demigod Wizard began the quest for the Orb.
     0 | D:1      | Reached XP level 1. HP: 14/14 MP: 6/6
    31 | D:1      | Reached skill level 1 in Conjurations
   309 | D:1      | Reached skill level 2 in Conjurations
   309 | D:1      | Reached XP level 2. HP: 20/20 MP: 6/8
   761 | D:1      | Reached XP level 3. HP: 19/26 MP: 1/9
  1026 | D:1      | Learned a level 3 spell: Conjure Flame
  1030 | D:1      | Learned a level 3 spell: Mephitic Cloud
  1070 | D:1      | Reached skill level 3 in Conjurations
  1842 | D:2      | Found a sparkling altar of Nemelex Xobeh.
  2270 | D:2      | Reached XP level 4. HP: 33/33 MP: 0/10
  2562 | D:3      | Found a hide-covered altar of Uskayaw.
  2580 | D:3      | Reached skill level 4 in Conjurations
  2658 | D:3      | HP: 1/33 [quokka (1)]
  2722 | D:3      | Reached skill level 1 in Air Magic
  2722 | D:3      | Reached XP level 5. HP: 9/38 MP: 2/12
  3094 | D:3      | Found a snail-covered altar of Cheibriados.
  4023 | D:3      | Learned a level 2 spell: Blink
  4324 | D:4      | Noticed Dowan
  4325 | D:4      | Found a staircase to the Ecumenical Temple.
  4351 | D:4      | Killed Dowan
  4351 | D:4      | Reached XP level 6. HP: 39/45 MP: 4/14
  4440 | D:4      | Noticed Eustachio
  4831 | D:3      | Killed Eustachio
  4831 | D:3      | Reached skill level 5 in Conjurations
  5001 | D:4      | Noticed Duvessa
  5406 | D:4      | Killed Duvessa
  5406 | D:4      | Reached XP level 7. HP: 28/50 MP: 0/16
  5894 | D:4      | Noticed Blork the orc
  5906 | D:4      | Killed Blork the orc
  6033 | D:4      | Reached skill level 6 in Conjurations
  6257 | D:5      | Entered Level 5 of the Dungeon
  6267 | D:5      | Noticed Overlord's ghost (novice TrMo)
  6889 | D:5      | Reached XP level 8. HP: 55/57 MP: 11/18
  6974 | D:5      | Found an opulent altar of Gozag.
  7155 | D:5      | Killed Overlord's ghost
  7155 | D:5      | Reached skill level 5 in Spellcasting
  7155 | D:5      | Reached skill level 7 in Conjurations
  7853 | D:6      | Reached skill level 1 in Fighting
  8843 | D:6      | Reached skill level 8 in Conjurations
  8877 | D:6      | Reached XP level 9. HP: 62/67 MP: 2/21
  9725 | D:7      | Found a sacrificial altar of Ru.
  9914 | D:7      | Found a white marble altar of Elyvilon.
 10712 | D:8      | Found a shadowy altar of Dithmenos.
 10738 | D:8      | Noticed Frank's ghost (novice GrFi)
 11298 | D:8      | Reached skill level 9 in Conjurations
 11379 | D:8      | Noticed a two-headed ogre
 11386 | D:8      | Killed a two-headed ogre
 12195 | D:9      | Gained mutation: You have large cloven feet. [mutagenic meat]
 12389 | D:9      | Reached XP level 10. HP: 63/77 MP: 4/23
 12400 | D:9      | Reached skill level 1 in Fire Magic
 12640 | D:9      | Identified a scroll of acquirement
 12786 | D:10     | Entered Level 10 of the Dungeon
 13641 | D:10     | Found a runed door.
 13716 | D:10     | Noticed a centaur warrior
 13717 | D:10     | Noticed a rakshasa
 13842 | D:10     | Reached skill level 5 in Maces & Flails
 14115 | D:10     | Noticed a two-headed ogre
 14137 | D:10     | Mangled by a two-headed ogre

Skill      XL: |  1  2  3  4  5  6  7  8  9 10 |
---------------+-------------------------------+-----
Conjurations   | 2 3 4 5 6 8 9 |  9.0
Spellcasting   | 3 4 5 6 |  6.3
Air Magic      | 1 2 3 4 |  4.7
Dodging        | 2 4 |  4.4
Fighting       | 2 3 |  3.9
Maces & Flails | 4 5 |  5.0
Fire Magic     | 2 |  2.1
Stealth        | |  1.7
Summonings     | |  0.8
Translocations | |  0.8

Action                   |  1- 3 |  4- 6 |  7- 9 | 10-12 || total
-------------------------+-------+-------+-------+-------++-------
Melee: Dagger            |    51 |    44 |       |       ||    95
       Mace              |     4 |       |       |       ||     4
       Short sword       |       |     6 |       |       ||     6
       Rapier            |       |    27 |     4 |       ||    31
       Falchion          |       |     1 |    35 |       ||    36
       Scimitar          |       |       |    42 |       ||    42
       Whip              |       |       |    33 |   118 ||   151
 Cast: Magic Dart        |    83 |   151 |   475 |   113 ||   822
       Mephitic Cloud    |       |    11 |    27 |    10 ||    48
       Conjure Flame     |       |     2 |    15 |     2 ||    19
       Blink             |       |       |     2 |       ||     2
  Use: Scroll            |       |    14 |    13 |     2 ||    29
       Potion            |       |       |     1 |       ||     1
 Stab: Sleeping          |     3 |     1 |       |       ||     4
       Confused          |       |     3 |     1 |     4 ||     8
  Eat: Chunk             |     4 |    10 |    18 |     5 ||    37
       Fruit             |       |       |     9 |       ||     9
Armor: Robe              |     9 |    38 |    29 |    37 ||   113
       Skin              |       |       |    44 |       ||    44
       Ring mail         |       |       |     7 |       ||     7
Dodge: Dodged            |    39 |   119 |   145 |    67 ||   370
       Rpst.: Falchion   |       |     1 |    25 |       ||    26
       Scimitar          |       |       |    10 |       ||    10
